 Dungeon Crawl Stone Soup version 0.20.1-1-g8b1a95d (webtiles) character file.

1681 wrentha the Thaumaturge (level 8, -7/41 HPs)
             Began as a Deep Elf Wizard on Dec 8, 2017.
             Was a Believer of Vehumet.
             Shot with a sling bullet by Joseph (19 damage)
             ... on level 7 of the Dungeon on Dec 9, 2017.
             The game lasted 01:07:33 (9196 turns).

wrentha the Thaumaturge (Deep Elf Wizard)           Turns: 9196, Time: 01:07:34

Health: -7/41      AC: 11    Str:  4    XL:     8   Next: 71%
Magic:  19/24      EV: 12    Int: 26    God:    Vehumet [**....]
Gold:   303        SH:  0    Dex: 11    Spells: 3/27 levels left

rFire    . . .     SeeInvis .   O - +2 dagger (drain)
rCold    . . .     Gourm    .   (no shield)
rNeg     . . .     Faith    .   o - +0 leather armour
rPois    .         Spirit   .   g - +2 hat
rElec    .         Reflect  .   J - scarf {cloud immunity}
rCorr    .         Harm     .   v - +2 pair of gloves
MR       .....                  G - +2 pair of boots
Stlth    ++........             u - amulet of magic regeneration
Regen    0.2/turn               I - -2 ring of dexterity (curse)
MPRegen  0.3/turn               (no ring)

@: no status effects
A: no striking features
a: Renounce Religion


You were on level 7 of the Dungeon.
You worshipped Vehumet.
Vehumet was pleased with you.
You were very hungry.

You visited 1 branch of the dungeon, and saw 8 of its levels.

You collected 303 gold pieces.

Inventory:

Hand Weapons
 i - a +0 dagger
 r - a +0 vampiric dagger
 O - a +2 dagger of draining (weapon)
Missiles
 f - 198 stones (quivered)
 q - 16 tomahawks
 B - 5 javelins of returning
 F - 5 javelins
Armour
 g - a +2 hat (worn)
 o - a +0 leather armour (worn)
 t - a +0 cloak
 v - a +2 pair of gloves (worn)
 G - a +2 pair of boots (worn)
 J - a scarf of cloud immunity (worn)
Jewellery
 u - an amulet of magic regeneration (around neck)
 I - a cursed -2 ring of dexterity (left hand)
Wands
 C - a wand of acid (8/15)
 H - a wand of acid (7/15)
Scrolls
 b - 2 scrolls of teleportation
 h - 3 scrolls of remove curse
 k - a scroll of amnesia
 l - 2 scrolls of enchant armour {unknown}
 m - 4 scrolls of identify {unknown}
 n - 2 scrolls of noise {unknown}
 x - 2 scrolls of magic mapping {unknown}
 y - 3 scrolls of fog {unknown}
 A - 3 scrolls of enchant weapon {unknown}
 E - a scroll of fear {unknown}
 P - a scroll of blinking {unknown}
Potions
 a - 2 potions of lignification {taken from bork. i think they are speed, unknown}
 e - 3 potions of heal wounds {unknown}
 j - 3 potions of haste
 p - a potion of brilliance {unknown}
 s - a potion of ambrosia {unknown}
 w - 2 potions of mutation {unknown}
 z - a potion of berserk rage {unknown}
 D - a potion of curing {unknown}
 N - a potion of might {unknown}
Books
 c - a book of Minor Magic

   Spells                             Type                      Level
   a - Magic Dart                     Conjuration                  1
   b - Blink                          Translocation                2
   c - Call Imp                       Summoning                    2
   d - Slow                           Hexes                        2
   e - Conjure Flame                  Conjuration/Fire             3
   f - Mephitic Cloud                 Conjuration/Poison/Air       3
 K - a book of Maledictions

   Spells                             Type                      Level
   a - Corona                         Hexes                        1
   b - Ensorcelled Hibernation        Hexes/Ice                    2
   c - Confuse                        Hexes                        3
   d - Tukima's Dance                 Hexes                        3
   e - Dazzling Spray                 Conjuration/Hexes            3
Comestibles
 d - 2 bread rations
 L - 2 royal jellies
 M - a meat ration


   Skills:
 - Level 0.1 Fighting
 + Level 3.4 Dodging
 - Level 2.5 Stealth
 * Level 10.2 Spellcasting
 + Level 4.0 Conjurations
 * Level 2.2 Hexes
 + Level 6.0 Summonings
 + Level 1.4 Translocations
 * Level 4.2 Fire Magic
 + Level 0.2 Air Magic
 + Level 1.2 Poison Magic


You had 3 spell levels left.
You knew the following spells:

 Your Spells              Type           Power        Failure   Level  Hunger
a - Magic Dart            Conj           ####         1%          1    None
b - Blink                 Tloc           N/A          7%          2    None
c - Call Imp              Summ           #####...     1%          2    None
d - Mephitic Cloud        Conj/Pois/Air  ###.....     12%         3    None
e - Conjure Flame         Conj/Fire      ####....     4%          3    None
f - Slow                  Hex            ###.....     4%          2    None
g - Flame Tongue          Conj/Fire      ####.        1%          1    None
h - Sting                 Conj/Pois      ####         2%          1    None
i - Confuse               Hex            ###.....     10%         3    None
j - Tukima's Dance        Hex            ###.....     10%         3    None
k - Dazzling Spray        Conj/Hex       ####..       7%          3    None


Dungeon Overview and Level Annotations

Branches:
Dungeon (8/15)             Temple (0/1) D:6
   Lair: D:8-11

Altars:
Gozag
Kikubaaqudgha
Sif Muna
Uskayaw
Vehumet

Annotations:
D:3 Capa's ghost, amateur DsBe
D:7 Joseph


Message History

Your crimson imp hits the centaur.
Your crimson imp blinks!
The centaur misses your crimson imp.
Something closely misses your crimson imp.
Something hits your crimson imp!
Joseph shoots a sling bullet.
The sling bullet closely misses you. Something hits your crimson imp.
Joseph shoots a sling bullet.
The sling bullet hits you!
* * * LOW HITPOINT WARNING * * *
You see here a sling bullet.
Joseph drinks a potion.
Joseph seems to speed up.
Something closely misses your crimson imp.
Your crimson imp disappears in a puff of smoke!
Joseph shoots a sling bullet.
The sling bullet closely misses you.
You see here a sling bullet.
Joseph shoots a sling bullet.
The sling bullet hits you but does no damage.
You see here a sling bullet.
Joseph shoots a sling bullet.
The sling bullet hits you!!
You die...

#####.........# #.#(@.#####
.#####.#.#.#
#.........#.##################
..........(..........Y5..(....
........###..########.########
######### ##.## #.# #.(# #.#
##@# #.# #.## #.# #).# #.#
###### ##.## #.# #.†)†† #..#
#.# #.#### ##.## #.# #.####
#..# #.# #.#... ##.# #.#
#.#.## #.# #.# #.....


You could see Joseph.

Vanquished Creatures
  A hungry ghost (D:7)
  A sky beast (D:7)
  An ice beast (D:5)
  A phantom (D:7)
  2 ogres
  A big kobold (D:7)
  Blork the orc (D:4)
  A bullfrog (D:7)
  A scorpion (D:7)
  A vampire bat (D:5)
  2 crimson imps (D:5)
  2 centaur zombies
  2 bullfrog zombies (D:5)
  A hound (D:5)
  Jessica (D:3)
  4 worker ants
  A hound zombie (D:7)
  A gnoll (D:2)
  A howler monkey skeleton (D:4)
  4 adders
  A shadow imp (D:5)
  3 oozes
  2 adder zombies
  A worm (D:2)
  3 dart slugs
  4 leopard geckos
  4 orcs
  7 bats
  4 bat skeletons (D:5)
  3 bat zombies (D:5)
  4 giant cockroaches
  6 goblins
  11 hobgoblins
  3 jackals
  4 quokkas
  6 frilled lizards
  13 kobolds
  A quokka skeleton (D:6)
  5 rats
115 creatures vanquished.

Vanquished Creatures (collateral kills)
  Sigmund (D:2)
  A black bear (D:6)
  A sky beast (D:7)
  An ogre (D:4)
  A bullfrog (D:6)
  A howler monkey (D:5)
  A crimson imp (D:7)
  An orc priest (D:5)
  An orc wizard (D:5)
  An iguana (D:6)
  A worker ant (D:5)
  2 adders
  2 gnolls (D:2)
  An ooze (D:2)
  An adder skeleton (D:7)
  A worm (D:5)
  2 dart slugs (D:1)
  A leopard gecko (D:2)
  A goblin (D:2)
  3 jackals
  A kobold (D:7)
  A bat (D:3)
27 creatures vanquished.

Grand Total: 142 creatures vanquished

Notes
Turn   | Place    | Note
-------+----------+-------------------------------------------
     0 | D:1      | wrentha the Deep Elf Wizard began the quest for the Orb.
     0 | D:1      | Reached XP level 1. HP: 10/10 MP: 7/7
   163 | D:1      | Reached XP level 2. HP: 8/15 MP: 0/9
   248 | D:1      | Learned a level 2 spell: Blink
   251 | D:1      | Learned a level 2 spell: Call Imp
   254 | D:1      | Learned a level 2 spell: Slow
   524 | D:1      | Reached skill level 5 in Spellcasting
  1220 | D:1      | Reached XP level 3. HP: 19/19 MP: 9/11
  1846 | D:1      | Learned a level 3 spell: Conjure Flame
  1913 | D:2      | Found an opulent altar of Gozag.
  2037 | D:2      | Noticed Sigmund
  2237 | D:2      | Killed Sigmund
  2237 | D:2      | Reached skill level 6 in Spellcasting
  2237 | D:2      | Reached XP level 4. HP: 24/24 MP: 9/14
  2545 | D:2      | Found a radiant altar of Vehumet.
  2547 | D:2      | Found a hide-covered altar of Uskayaw.
  2575 | D:2      | Became a worshipper of Vehumet
  2812 | D:2      | Reached XP level 5. HP: 28/28 MP: 9/15
  2883 | D:1      | Learned a level 3 spell: Mephitic Cloud
  2886 | D:1      | Learned a level 2 spell: Slow
  3723 | D:3      | Noticed Jessica
  3731 | D:3      | Killed Jessica
  3746 | D:3      | Found a deep blue altar of Sif Muna.
  3938 | D:3      | Noticed Capa's ghost (amateur DsBe)
  4311 | D:4      | Reached skill level 7 in Spellcasting
  4594 | D:4      | Noticed Blork the orc
  4633 | D:3      | Reached XP level 6. HP: 25/32 MP: 14/18
  4638 | D:3      | Reached * piety under Vehumet
  4638 | D:3      | Offered knowledge of Flame Tongue by Vehumet.
  4970 | D:4      | Learned a level 1 spell: Flame Tongue
  5116 | D:4      | Killed Blork the orc
  5393 | D:5      | Entered Level 5 of the Dungeon
  5466 | D:5      | Found an ancient bone altar of Kikubaaqudgha.
  5530 | D:5      | Reached skill level 8 in Spellcasting
  5573 | D:5      | Reached skill level 1 in Fire Magic
  5651 | D:5      | Reached XP level 7. HP: 36/36 MP: 14/20
  6901 | D:5      | Reached ** piety under Vehumet
  6901 | D:5      | Offered knowledge of Sting by Vehumet.
  6904 | D:5      | Learned a level 1 spell: Sting
  7409 | D:6      | Reached skill level 9 in Spellcasting
  7434 | D:6      | Found a staircase to the Ecumenical Temple.
  7581 | D:6      | Reached XP level 8. HP: 41/41 MP: 16/23
  7724 | D:6      | Reached skill level 1 in Hexes
  7754 | D:6      | Reached skill level 5 in Summonings
  7810 | D:6      | Learned a level 3 spell: Confuse
  7814 | D:6      | Learned a level 3 spell: Tukima's Dance
  7818 | D:6      | Learned a level 3 spell: Dazzling Spray
  8335 | D:7      | Reached skill level 1 in Poison Magic
  8671 | D:7      | Reached skill level 10 in Spellcasting
  9181 | D:7      | Noticed Joseph
  9196 | D:7      | Shot with a sling bullet by Joseph

Skill      XL: |  1  2  3  4  5  6  7  8 |
---------------+-------------------------+-----
Spellcasting   | 5 6 7 8 9 10 | 10.2
Conjurations   | 2 3 4 |  4.0
Summonings     | 2 3 4 6 |  6.0
Dodging        | 3 |  3.4
Fire Magic     | 1 3 4 |  4.2
Hexes          | 2 |  2.2
Poison Magic   | 1 |  1.2
Fighting       | |  0.1
Stealth        | |  2.5
Translocations | |  1.4
Air Magic      | |  0.2

Action                   |  1- 3 |  4- 6 |  7- 9 || total
-------------------------+-------+-------+-------++-------
Melee: Dagger            |     9 |    12 |    11 ||    32
Throw: Stone             |       |     6 |       ||     6
 Cast: Magic Dart        |    71 |   162 |    44 ||   277
       Call Imp          |    20 |    34 |    52 ||   106
       Slow              |       |    10 |     5 ||    15
       Conjure Flame     |       |     9 |    11 ||    20
       Mephitic Cloud    |       |     1 |     5 ||     6
       Flame Tongue      |       |     9 |    35 ||    44
       Blink             |       |     5 |     7 ||    12
       Sting             |       |       |    22 ||    22
       Confuse           |       |       |     2 ||     2
  Use: Scroll            |       |     3 |       ||     3
 Stab: Sleeping          |     2 |     1 |       ||     3
  Eat: Chunk             |     3 |    10 |     8 ||    21
       Fruit             |     1 |       |     2 ||     3
Armor: Robe              |     3 |       |       ||     3
       Leather armour    |     1 |    28 |    38 ||    67
Dodge: Dodged            |    24 |    33 |    38 ||    95
